 Dungeon Crawl Stone Soup version 0.29.1-15-g9cfb28693d (webtiles) character file.

Game seed: 11526803151909146770

29 protoss039 the Digger (level 3, 24/26 HPs)
             Began as a Demonspawn Earth Elementalist on Mar 13, 2023.
             Got out of the dungeon alive.
             The game lasted 00:01:12 (705 turns).

protoss039 the Digger (DsEE)                         Turns: 705, Time: 00:01:12

Health: 24/26      AC:  5    Str:  8    XL:     3   Next: 1%
Magic:  6/6        EV: 11    Int: 18    God:
Gold:   6          SH:  4    Dex: 13    Spells: 5/6 levels left

rFire   . . .      SeeInvis .   f - +0 short sword
rCold   . . .      Faith    .   (no shield)
rNeg    . . .      Spirit   .   e - +0 leather armour
rPois   .          Reflect  .   (no helmet)
rElec   .          Harm     .   (no cloak)
rCorr   .          Rampage  .   (no gloves)
Will    .....                   (no boots)
Stlth   ++........              (no amulet)
HPRegen 0.08/turn               (no ring)
MPRegen 0.10/turn               (no ring)

@: no status effects
A: slimy green scales 1, condensation shield
a: no special abilities


You escaped.
You visited 1 branch of the dungeon, and saw 1 of its levels.

You collected 6 gold pieces.

Inventory:

Hand Weapons
 f - a +0 short sword (weapon)
Missiles
 d - 4 poisoned darts
Armour
 e - a +0 leather armour (worn)
Potions
 b - a potion of magic
 c - a potion of degeneration {unknown}


   Skills:
 + Level 1.3 Fighting
 - Level 1.7 Dodging
 - Level 1.7 Stealth
 + Level 2.4 Spellcasting
 - Level 0.8 Transmutations
 + Level 3.1 Earth Magic


You had 5 spell levels left.
You knew the following spells:

 Your Spells              Type           Power      Damage    Failure   Level
a - Sandblast             Erth           26%        2d8       7%          1

Your spell library contained the following spells:

 Spells                   Type           Power      Damage    Failure   Level
 Passwall                 Tmut/Erth      7%         N/A       17%         2
 Stone Arrow              Conj/Erth      14%        3d7       36%         3
 Petrify                  Tmut/Erth      9%         N/A       73%         4


Dungeon Overview and Level Annotations

Branches:
Dungeon (1/15) Zot: 5279

Altars:


Innate Abilities, Weirdness & Mutations

You are partially covered in slimy green scales. (AC +2)
A meltable shield of frost defends you. (SH +4)


Message History

Aiming: Sandblast (safe; 9% risk of failure)
Press: ? - help, Shift-Dir - straight line, f/p - jackal
Aim: a jackal (77% to hit)
The blast of sand misses the jackal.
The blast of sand hits the endoplasm.
The endoplasm is heavily wounded.
The jackal closely misses you.
The jackal bites you but does no damage.
Unknown command.
You hit the jackal.
The jackal is severely wounded.
The jackal bites you. The jackal closely misses you.
Unknown command.
You completely miss the jackal.
The jackal is severely wounded.
The jackal barely misses you.
Unknown command.
You hit the jackal.
You kill the jackal!
Unknown command.
Casting: Sandblast (safe; 9% risk of failure)
Confirm with . or Enter, or press ? or * to list all spells.
Aiming: Sandblast (safe; 9% risk of failure)
Press: ? - help, Shift-Dir - straight line, f - goblin
Aim: a goblin, wielding a +0 dagger (77% to hit)
The blast of sand misses the goblin.
The blast of sand hits the endoplasm.
You kill the endoplasm!
The goblin barely misses you. The goblin hits you but does no damage.
Unknown command.
You hit the goblin.
You kill the goblin!
You have reached level 3!
Your experience leads to an increase in your attributes!
Increase (S)trength, (I)ntelligence, or (D)exterity?
You feel clever. x2; Your demonic ancestry asserts itself...
Frost condenses into a shield before you.
Items here: ) ††††.
You see here a jackal skeleton.
There is a staircase leading out of the dungeon here.
Are you sure you want to leave the Dungeon?
This will make you lose the game!
You have escaped!

#........... #)#
#########... ###.# ###
#... .. .... ... .####
#.# ##.## #.## #.#...
...###...###...###..#...
....#.....#.....#...#...
##.......## ##....#...
##....@....###.....####
#...........#.....# #
..#####.#####.....######
##...###.....#......
#.....#...........##
....#####.......#.#....
.... ##...............
#.. .#.........#......
..# ...[[.....#.........


There were no monsters in sight!

Vanquished Creatures
  2 dart slugs (D:1)
  2 endoplasms (D:1)
  2 goblins (D:1)
  A hobgoblin (D:1)
  8 jackals (D:1)
  A kobold (D:1)
  A quokka (D:1)
  A ball python (D:1)
  A bat (D:1)
  A frilled lizard (D:1)
  A rat (D:1)
21 creatures vanquished.

Notes
Turn   | Place    | Note
-------+----------+-------------------------------------------
     0 | D:1      | protoss039 the Demonspawn Earth Elementalist began the
                  | quest for the Orb.
     0 | D:1      | Reached XP level 1. HP: 13/13 MP: 3/3
   145 | D:1      | Gained mutation: You are partially covered in slimy green
                  | scales. (AC +2) [demonic ancestry]
   145 | D:1      | Reached XP level 2. HP: 20/20 MP: 0/5
   218 | D:1      | Reached skill level 1 in Fighting
   328 | D:1      | Reached skill level 3 in Earth Magic
   391 | D:1      | Found a faded altar of an unknown god.
   650 | D:1      | Gained mutation: A meltable shield of frost defends you.
                  | (SH +4) [demonic ancestry]
   650 | D:1      | Reached XP level 3. HP: 19/26 MP: 0/6
   705 | D:$      | Got out of the dungeon alive.

Illustrated notes

Levels and vault maps discovered:
D:1:      onia_arrival_pyramid, layout_basic, ebering_ecumenical_altar_mist

Skill      XL: |  1  2 |
---------------+-------+-----
Fighting       | 1 |  1.3
Earth Magic    | 3 |  3.1
Dodging        | |  1.7
Stealth        | |  1.7
Spellcasting   | |  2.4
Transmutations | |  0.8

Action                   || total
-------------------------++-------
Melee: Unarmed           ||     9
       Short sword       ||    22
       Club              ||     2
 Cast: Sandblast         ||    27
Armor: Robe              ||     2
       Leather armour    ||    18
Dodge: Dodged            ||    38
